 Dungeon Crawl Stone Soup version 0.25-a0-365-g7600c65aa0 (webtiles) character file.

Game seed: 9531716695454267799, levelgen mode: deterministic

109 Nixze the Insei (level 4, -6/31 HPs)
             Began as an Octopode Transmuter on Jan 5, 2020.
             Mangled by Sigmund
             ... wielding a +0 scythe
              (11 damage)
             ... on level 3 of the Dungeon.
             The game lasted 00:04:36 (2568 turns).

Nixze the Insei (Octopode Transmuter)               Turns: 2568, Time: 00:04:37

Health: -6/31      AC:  1    Str: 10    XL:     4   Next: 89%
Magic:  7/7        EV: 13    Int: 15    God:
Gold:   88         SH:  0    Dex: 12    Spells: 1/7 levels left

rFire    . . .     SeeInvis .     - Unarmed
rCold    . . .     Gourm    .   (no shield)
rNeg     . . .     Faith    .   (helmet restricted)
rPois    .         Spirit   .   (no amulet)
rElec    .         Reflect  .   (no ring)
rCorr    .         Harm     .   (no ring)
MR       .....                  (no ring)
Stlth    ++........             (no ring)
HPRegen  0.10/turn              (no ring)
MPRegen  0.10/turn              (no ring)
                                (no ring)
                                (no ring)

@: no status effects
A: almost no armour, stealthy swim, amphibious, 8 rings, constrict 8, camouflage
1, gelatinous body 1
a: no special abilities


You were on level 3 of the Dungeon.
You were not hungry.

You visited 1 branch of the dungeon, and saw 3 of its levels.

You collected 88 gold pieces.

Inventory:

Missiles
 a - 27 arrows
Armour
 d - a +0 buckler
Jewellery
 b - an uncursed ring of protection from magic {unknown}
Scrolls
 e - 2 scrolls of immolation {unknown}
 g - 7 scrolls of identify {unknown}
 h - 5 scrolls of remove curse {unknown}
 k - a scroll of blinking {unknown}
 l - 2 scrolls of amnesia {unknown}
 m - a scroll of enchant weapon {unknown}
 n - 2 scrolls of teleportation {unknown}
 o - a scroll of enchant armour {unknown}
 p - 2 scrolls of noise {unknown}
Potions
 f - a potion of haste {unknown}
 i - a potion of flight {unknown}
 j - a potion of agility {unknown}
 q - 2 potions of curing {unknown}
 r - a potion of magic {unknown}
 t - a potion of invisibility {unknown}
Comestibles
 c - 6 rations
 s - a chunk of flesh


   Skills:
 + Level 3.1 Fighting
 - Level 2.0 Dodging
 + Level 4.3 Unarmed Combat
 * Level 2.0 Spellcasting
 * Level 2.1 Transmutations
 * Level 0.2 Poison Magic


You had one spell level left.
You knew the following spells:

 Your Spells              Type           Power        Failure   Level  Hunger
a - Beastly Appendage     Tmut           #.....       10%         1    #......
b - Sticks to Snakes      Tmut           #.......     14%         2    ###....
c - Spider Form           Tmut/Pois      #.........   38%         3    ###....

Your spell library contained the following spells:

 Spells                   Type           Power        Failure   Level  Hunger
 Ice Form                 Ice/Tmut       #.......     82%         4    #####..
 Blade Hands              Tmut           #.........   95%         5    ######.


Dungeon Overview and Level Annotations

Branches:
Dungeon (3/15)

Altars:
Hepliaklqana

Annotations:
D:3 Sigmund


Innate Abilities, Weirdness & Mutations

You cannot wear most types of armour.
You are very stealthy in the water. (Stealth+)
You are amphibious.
You can wear up to eight rings at the same time.
You can use your tentacles to constrict eight enemies at once.
Your skin changes colour to match your surroundings (Stealth+).
Your rubbery body absorbs attacks. (AC +1, EV +1)


Message History

Sigmund barely misses you.
You closely miss Sigmund.
Sigmund is moderately wounded.
You bump into the rock wall.
Sigmund barely misses you.
You bump into the rock wall.
Sigmund hits you with a +0 scythe.
* * * LOW HITPOINT WARNING * * *
You barely miss Sigmund.
Sigmund is moderately wounded.
You feel less confused.
You tentacle-slap Sigmund. Your grab misses Sigmund.
Sigmund is moderately wounded.
Sigmund barely misses you.
You closely miss Sigmund. You grab Sigmund.
Sigmund is moderately wounded.
You constrict Sigmund.
Sigmund casts a spell.
Sigmund flickers and vanishes!
Deactivating autopickup; reactivate with Ctrl-A.
You closely miss something. You constrict something. Something hits you!
You die...

#.# #.#
####.#####..
...
..#.......#
#.#
#.#######..
#.# ##.## #.#
#.# ##.#รท##
#.# #.#
##.###.## #.#
#.###.##
##.####.#
#@...##
##.....#
#{.#).#
#.####.#
#......#..#
#.# #.#
#.....###..#.#
#.# ........#
#..# #.#
####....#
..... ..#
#####. .######
### #


There were no monsters in sight!

Vanquished Creatures
  Crazy Yiuf (D:3)
  Jessica (D:2)
  2 adders (D:3)
  A worm (D:3)
  A dart slug (D:1)
  2 leopard geckos
  6 bats
  A giant cockroach (D:1)
  5 goblins
  2 hobgoblins (D:3)
  A frilled lizard (D:1)
  2 kobolds
  7 rats
32 creatures vanquished.

Vanquished Creatures (collateral kills)
  A leopard gecko (D:2)
1 creature vanquished.

Grand Total: 33 creatures vanquished

Notes
Turn   | Place    | Note
-------+----------+-------------------------------------------
     0 | D:1      | Nixze the Octopode Transmuter began the quest for the Orb.
     0 | D:1      | Reached XP level 1. HP: 13/13 MP: 3/3
   363 | D:1      | Reached XP level 2. HP: 13/18 MP: 3/5
   907 | D:1      | Learned a level 2 spell: Sticks to Snakes
  1348 | D:2      | Found a hazy altar of Hepliaklqana.
  1446 | D:2      | Noticed Jessica
  1456 | D:2      | Killed Jessica
  1456 | D:2      | Reached XP level 3. HP: 25/25 MP: 0/6
  1787 | D:2      | Found a faded altar of an unknown god.
  1891 | D:3      | Found a runed translucent door.
  1892 | D:3      | Noticed Crazy Yiuf
  1943 | D:3      | Killed Crazy Yiuf
  1943 | D:3      | Reached skill level 4 in Unarmed Combat
  1943 | D:3      | Reached XP level 4. HP: 23/30 MP: 5/7
  2323 | D:3      | Learned a level 3 spell: Spider Form
  2548 | D:3      | Noticed Sigmund
  2568 | D:3      | Mangled by Sigmund

Levels and vault maps discovered:
D:1:      lightli_arrival_noodles, layout_loops_corners
D:2:      layout_loops_ring, lemuel_round_altar,
          chequers_ecumenical_altar_twisty, uniq_jessica
D:3:      layout_loops_ring, nicolae_overflow_crystal_walls,
          minmay_misc_feat_iff, hex_large, uniq_sigmund, uniq_crazy_yiuf_cottage

Skill      XL: |  1  2  3  4 |
---------------+-------------+-----
Fighting       | 2 3 |  3.1
Unarmed Combat | 4 |  4.3
Dodging        | |  2.0
Spellcasting   | |  2.0
Transmutations | |  2.1
Poison Magic   | |  0.2

Action                   |  1- 3 |  4- 6 || total
-------------------------+-------+-------++-------
Melee: Unarmed           |    41 |    31 ||    72
       Constrict         |    12 |     7 ||    19
       Tentacles         |     7 |     3 ||    10
       Punch             |     1 |       ||     1
       Kick              |     5 |     6 ||    11
 Cast: Beastly Appendage |    15 |     8 ||    23
       Sticks to Snakes  |     2 |       ||     2
 Stab: Sleeping          |     5 |     1 ||     6
  Eat: Chunk             |     3 |     3 ||     6
Armor: Skin              |     3 |     1 ||     4
Dodge: Dodged            |    32 |     9 ||    41

Table legend:
 A = Non-vault XP
 B = Vault XP
 C = Vault XP percentage of total XP
 D = Non-vault monster count
 E = Vault monster count
 F = Vault count percentage of total count
                 A         B        C        D         E       F
            +---------+---------+-------+---------+---------+-------
      Total |      79 |      77 |  49.4 |      31 |       2 |   6.1
            +---------+---------+-------+---------+---------+-------
        D:1 |      26 |       0 |   0.0 |      15 |       0 |   0.0
        D:2 |       4 |      37 |  90.2 |       3 |       1 |  25.0
        D:3 |      49 |      40 |  44.9 |      13 |       1 |   7.1
            +---------+---------+-------+---------+---------+-------
